 Dungeon Sprint DCSS version 0.28-a0-863-g8cecda6153 (webtiles) character file.

Game seed: 7238363568676832551

55810 Turgor the Conqueror (level 14, -1/198 HPs)
             Began as an Ogre Berserker on Nov 16, 2021.
             Was the Champion of Trog.
             Slain by a vault warden (36 damage)
             ... in the Dungeon (Sprint IX: "|||||||||||||||||||||||||||||").
             The game lasted 00:44:26 (5112 turns).

Turgor the Conqueror (Ogre Berserker)               Turns: 5112, Time: 00:44:27

Health: -1/198     AC: 14    Str: 31    XL:     14   Next: 79%
Magic:  14/14      EV: 15    Int: 11    God:    Trog [******]
Gold:   920        SH:  0    Dex:  8    Spells: 13/13 levels left

rFire   . . .      SeeInvis .   H - +11 battleaxe of Killer Bee's Peril {flame, rElec Str+3}
rCold   . . .      Faith    .   (shield currently unavailable)
rNeg    . . .      Spirit   .   o - +2 acid dragon scales
rPois   .          Reflect  .   w - +1 hat
rElec   +          Harm     .   a - +0 cloak
rCorr   +          Rampage  .   (gloves unavailable)
Will    +....      NoTele   +   (boots unavailable)
Stlth   +.........              (no amulet)
HPRegen 0.43/turn               l - +3 ring of intelligence
MPRegen 0.14/turn               m - +2 ring of evasion

@: on berserk cooldown, slowed, very slow
A: large, unfitting armour, tough skin 1
a: Renounce Religion, Berserk, Trog's Hand, Brothers in Arms


You were in the Dungeon.
You worshipped Trog.
Trog was exalted by your worship.
You visited 1 branch You collected 1970 gold pieces.
You spent 1050 gold pieces at shops.

Inventory:

Hand Weapons
 g - a +4 antimagic battleaxe
 k - a +5 vorpal broad axe
 n - the +7 war axe of the Spider {vorpal, rN+}
   (Trog gifted it to you in the Dungeon)

   It inflicts extra damage upon your enemies.
   rN:        It protects you from negative energy.
 q - the +7 battleaxe of the Wolf {vorpal, +Blink rF+}
   (Trog gifted it to you in the Dungeon)

   It inflicts extra damage upon your enemies.
   rF:        It protects you from fire.
   +Blink:    It lets you blink.
 A - the +6 arbalest "Damnation" {damnation}
   (You found it in the Dungeon)

   Any ammunition fired from it explodes in a burst of damnation on striking a
   foe, dealing damage which bypasses armour.
 E - a +5 vorpal executioner's axe
 H - the +11 battleaxe of Killer Bee's Peril (weapon) {flame, rElec Str+3}
   (Trog gifted it to you in the Dungeon)

   It burns those it strikes, dealing additional fire damage.
   Big, fiery blades are also staple armaments of hydra-hunters.
   Str:       It affects your strength (+3).
   rElec:     It insulates you from electricity.
 J - a +5 executioner's axe of flaming
Missiles
 e - 35 stones
 G - a curare-tipped dart
Armour
 a - a +0 cloak (worn)
 o - +2 acid dragon scales (worn)
 r - a +0 troll leather armour
 w - a +1 hat (worn)
 F - +0 fire dragon scales
 I - +0 ice dragon scales
Jewellery
 l - a +3 ring of intelligence (left hand)
 m - a +2 ring of evasion (right hand)
 x - a ring of see invisible
 y - a ring of fire
 z - a ring of fire
Wands
 j - a wand of acid (1)
Scrolls
 h - a scroll of blinking
 p - 2 scrolls of fear
 B - a scroll of fog
 C - 4 scrolls of enchant weapon
 D - 2 scrolls of enchant armour
Potions
 b - 2 potions of haste
 c - 5 potions of curing
 d - 4 potions of heal wounds
 f - 4 potions of magic
 i - a potion of invisibility
 s - 2 potions of mutation
 t - a potion of flight
 u - 2 potions of resistance
Miscellaneous
 v - a phantom mirror


   Skills:
 O Level 27 Fighting
 * Level 23.1 Axes
 - Level 6.0 Throwing
 + Level 11.4 Armour
 + Level 15.5 Dodging
 + Level 13.3 Evocations


You had 13 spell levels left.
You didn't know any spells.
Your spell library was empty.

Dungeon Overview and Level Annotations

Branches:
Dungeon (1/1)

Altars:
Cheibriados
Dithmenos
Elyvilon
Fedhas
Gozag
Hepliaklqana
Kikubaaqudgha
Makhleb
Nemelex Xobeh
Okawaru
Qazlal
Ru
Sif Muna
Trog
Uskayaw
Vehumet
Wu Jian
Xom
Yredelemnul
Zin
The Shining One
Beogh
Jiyva
Lugonu

Shops:
D !((*


Innate Abilities, Weirdness & Mutations

You are too large for most types of armour.
You have tough skin. (AC +1)


Message History

The vault warden blocks your attack.
The vault warden is heavily wounded.
The ironbound convoker gestures at the great orb of eyes while chanting.
The great orb of eyes seems to grow stronger.
The vault warden activates a sealing rune.
You slice the vault warden!! You burn the vault warden!
The vault warden is almost dead.
The vault warden hits you with a +1 vorpal war axe!
The vault warden blocks your attack.
The vault warden is almost dead.
The vault warden hits you with a +1 vorpal war axe!!
* * * LOW HITPOINT WARNING * * *
x2 The vault warden blocks your attack.
The vault warden is almost dead.
The vault warden hits you with a +1 vorpal war axe!!
* * * LOW HITPOINT WARNING * * *
x2 The vault warden blocks your attack.
The vault warden is almost dead.
The vault warden activates a sealing rune.
You feel much better.
A vault warden comes into view. It is wielding a +0 halberd.
The vault warden hits you but does no damage.
The vault warden closely misses you. The vault warden blocks your attack.
The vault warden is almost dead.
The vault warden shouts!
The vault warden hits you with a +1 vorpal war axe!!
* * * LOW HITPOINT WARNING * * *
x2 The vault warden blocks your attack.
The vault warden is almost dead.
The vault warden hits you with a +1 vorpal war axe!
* * * LOW HITPOINT WARNING * * *
x2 You feel much better.
The vault warden hits you with a +1 vorpal war axe.
* * * LOW HITPOINT WARNING * * *
x2 The vault warden hits you with a +1 vorpal war axe!!
* * * LOW HITPOINT WARNING * * *
x2 You feel much better.
The vault warden hits you with a +1 vorpal war axe!!!
You die...

.▓.▓)▓.▓[▓.♣.♣.▓B▓
÷▓.▓)▓.▓[▓.♣†♣.▓.▓
÷▓.▓.▓.▓.▓.♣.♣.▓.▓
.▓.▓.▓.▓.▓.♣.♣.▓.▓
.▓.▓.▓.▓.▓.♣.♣.▓.▓
.▓.▓.▓.▓.▓.▓†▓.▓.▓
.▓.▓)▓.▓.▓.▓†▓.▓+▓
.▓.▓.▓.▓.▓.▓†▓.▓.▓
.▓.▓.▓.▓.▓.▓.▓.▓@▓
.▓.▓)▓.▓)▓.▓.▓.▓p▓
)▓.▓†▓.▓)▓.▓.▓.▓k▓
†▓.▓[▓.▓.▓.▓.▓.▓p▓
.▓.▓)▓.▓'▓.▓.▓)▓9▓
.▓.▓†▓.▓.▓.▓.▓.▓p▓
.▓.▓)▓.▓)▓.▓.▓.▓G▓
.▓.▓.▓.▓)▓.▓'▓.▓p▓
.▓.▓∩▓.▓÷▓.▓)▓.▓


You could see 2 vault wardens, a great orb of eyes (strong), a lindwurm
(strong), 2 ironbound convokers and a peacekeeper (strong).

Vanquished Creatures
  A lich (D)
  Gastronok (D)
  Kirke (D)
  A nagaraja (D)
  A ghost moth (D)
  A frost giant (D)
  A vault warden (D)
  Nessos (D)
  An entropy weaver (D)
  An eleionoma (D)
  An ettin (D)
  A yaktaur captain (D)
  A naga warrior (D)
  An ice dragon (D)
  A hydra (D)
  An ogre mage (D)
  A boulder beetle (D)
  A centaur warrior (D)
  A two-headed ogre (D)
  Erica (D)
  A catoblepas (D)
  A death yak (D)
  A deep troll shaman (D)
  A tengu warrior (D)
  An orc high priest (D)
  Nergalle (D)
  A glowing orange brain (D)
  A spriggan druid (D)
  A deep troll (D)
  A salamander mystic (D)
  A bog body (D)
  2 deep elf pyromancers (D)
  An orb spider (D)
  A naga ritualist (D)
  A necromancer (D)
  A wolf spider (D)
  A manticore (D)
  2 will-o-the-wisps (D)
  4 black mambas (D)
  Maurice (D)
  3 cane toads (D)
  A tengu conjurer (D)
  A demonic crawler (D)
  A tyrant leech (D)
  2 jumping spiders (D)
  3 hornets (D)
  3 slime creatures (D)
  A wraith (D)
  A redback (D)
  A tarantella (shapeshifter) (D)
  2 spriggans (D)
  A hog (D)
  A wyvern (D)
  A tarantella (D)
  4 yaks (D)
  A basilisk (D)
  A vampire mosquito (D)
  4 wargs (D)
  A naga (D)
  An acid dragon (D)
  A hell hound (D)
  2 water moccasins (D)
  11 orc warriors (D)
  4 wolves (D)
  A centaur (D)
  A scorpion (D)
  A bullfrog (D)
  A hound (D)
  2 orc priests (D)
  3 orc wizards (D)
  A dart slug (D)
  9 orcs (D)
  A giant cockroach (D)
  A goblin (D)
  A quokka (D)
  A frilled lizard (D)
  A giant cockroach zombie (D)
  A rat (D)
122 creatures vanquished.

Vanquished Creatures (collateral kills)
  2 sphinxes (D)
  2 fire giants (D)
  2 frost giants (D)
  A very ugly thing (D)
  A merfolk impaler (D)
  4 fire dragons (D)
  3 rakshasas (D)
  2 ogre magi (D)
  An alligator snapping turtle (D)
  A centaur warrior (D)
  A deep troll shaman (D)
  An iron troll (D)
  A sea snake (D)
  A flayed ghost (D)
  2 deep trolls (D)
  3 cyclopes (D)
  2 manticores (D)
  2 black mambas (D)
  A rime drake (D)
  6 trolls (D)
  A wind drake (D)
  A snapping turtle (D)
  A water moccasin (D)
  A centaur (D)
  A bullfrog (D)
44 creatures vanquished.

Vanquished Creatures (others)
  A lich (D)
  A blink frog (D)
  4 humans (D)
6 creatures vanquished.

Grand Total: 172 creatures vanquished

Notes
Turn   | Place    | Note
-------+----------+-------------------------------------------
     0 | D        | Turgor the Ogre Berserker began the quest for the Orb.
     0 | D        | Reached XP level 1. HP: 24/24 MP: 1/1
     9 | D        | Reached ** piety under Trog
    15 | D        | Reached skill level 5 in Fighting
    72 | D        | Noticed a hound
    72 | D        | Noticed a scorpion
    77 | D        | Reached XP level 2. HP: 35/35 MP: 2/2
    79 | D        | Reached *** piety under Trog
    80 | D        | Reached skill level 6 in Fighting
    80 | D        | Reached skill level 5 in Axes
    80 | D        | Reached XP level 3. HP: 45/45 MP: 3/3
    86 | D        | Killed a scorpion
    87 | D        | Reached skill level 8 in Fighting
    87 | D        | Reached XP level 4. HP: 58/58 MP: 4/4
   130 | D        | Found a snail-covered altar of Cheibriados.
   130 | D        | Found a shadowy altar of Dithmenos.
   130 | D        | Found a white marble altar of Elyvilon.
   130 | D        | Found a blossoming altar of Fedhas.
   130 | D        | Found an opulent altar of Gozag.
   131 | D        | Found a hazy altar of Hepliaklqana.
   132 | D        | Found a viscous altar of Jiyva.
   133 | D        | Found an ancient bone altar of Kikubaaqudgha.
   134 | D        | Found a corrupted altar of Lugonu.
   135 | D        | Found a burning altar of Makhleb.
   136 | D        | Found a sparkling altar of Nemelex Xobeh.
   137 | D        | Found an iron altar of Okawaru.
   138 | D        | Found a stormy altar of Qazlal.
   139 | D        | Found a sacrificial altar of Ru.
   140 | D        | Found a shimmering blue altar of Sif Muna.
   141 | D        | Found a bloodstained altar of Trog.
   142 | D        | Found a hide-covered altar of Uskayaw.
   143 | D        | Found a radiant altar of Vehumet.
   144 | D        | Found an ornate altar of the Wu Jian Council.
   145 | D        | Found a shimmering altar of Xom.
   146 | D        | Found a basalt altar of Yredelemnul.
   147 | D        | Found a glowing silver altar of Zin.
   148 | D        | Found a glowing golden altar of the Shining One.
   183 | D        | Noticed a yak
   183 | D        | Noticed a yak
   183 | D        | Noticed a centaur
   183 | D        | Noticed a yak
   183 | D        | Noticed an acid dragon
   183 | D        | Noticed a wraith
   187 | D        | Killed a yak
   187 | D        | Reached **** piety under Trog
   188 | D        | Reached skill level 10 in Fighting
   188 | D        | Reached skill level 5 in Dodging
   188 | D        | Reached XP level 5. HP: 70/70 MP: 5/5
   188 | D        | Reached XP level 6. HP: 79/79 MP: 6/6
   191 | D        | Killed a yak
   192 | D        | Reached skill level 12 in Fighting
   193 | D        | Reached skill level 10 in Axes
   193 | D        | Reached XP level 7. HP: 92/92 MP: 7/7
   197 | D        | Killed a yak
   198 | D        | Reached skill level 13 in Fighting
   203 | D        | Reached ***** piety under Trog
   210 | D        | Killed a wraith
   210 | D        | Identified the +7 war axe of the Spider {vorpal, rN+} (Trog
                  | gifted it to you in the Dungeon)
   210 | D        | Received a gift from Trog
   211 | D        | Reached skill level 14 in Fighting
   211 | D        | Reached XP level 8. HP: 75/106 MP: 8/8
   319 | D        | Noticed a slime creature
   319 | D        | Noticed a tengu warrior
   319 | D        | Noticed a slime creature
   319 | D        | Noticed a deep elf pyromancer
   319 | D        | Noticed a two-headed ogre
   319 | D        | Noticed a tengu conjurer
   324 | D        | Killed a slime creature
   326 | D        | Killed a tengu warrior
   327 | D        | Reached skill level 15 in Fighting
   331 | D        | Killed a slime creature
   332 | D        | Reached skill level 16 in Fighting
   332 | D        | Reached skill level 1 in Evocations
   332 | D        | Reached XP level 9. HP: 118/118 MP: 9/9
   341 | D        | Killed a deep elf pyromancer
   342 | D        | Reached skill level 15 in Axes
   358 | D        | Killed a tengu conjurer
   358 | D        | Killed a two-headed ogre
   359 | D        | Reached skill level 17 in Fighting
   684 | D        | Noticed a cane toad
   684 | D        | Noticed a black mamba
   696 | D        | Noticed a black mamba
   706 | D        | Killed a cane toad
   706 | D        | Received a gift from Trog
   707 | D        | Reached XP level 10. HP: 125/131 MP: 10/10
   731 | D        | Killed a black mamba
   732 | D        | Reached skill level 5 in Evocations
   732 | D        | Killed a black mamba
   967 | D        | Noticed a cane toad
   967 | D        | Noticed a death yak
   973 | D        | Killed a cane toad
   973 | D        | Received a gift from Trog
   974 | D        | Reached skill level 18 in Fighting
   977 | D        | Noticed a catoblepas
   981 | D        | Noticed a cane toad
   983 | D        | Killed a death yak
  1003 | D        | Killed a catoblepas
  1004 | D        | Reached XP level 11. HP: 64/143 MP: 11/11
  1265 | D        | Identified the +7 battleaxe of the Wolf {vorpal, +Blink
                  | rF+} (Trog gifted it to you in the Dungeon)
  1265 | D        | Received a gift from Trog
  1277 | D        | Reached skill level 1 in Armour
  1279 | D        | Reached skill level 19 in Fighting
  1287 | D        | Received a gift from Trog
  1288 | D        | Reached skill level 10 in Dodging
  1459 | D        | Noticed Erica
  1513 | D        | Killed Erica
  1731 | D        | Reached ****** piety under Trog
  1746 | D        | Received a gift from Trog
  1769 | D        | Received a gift from Trog
  1975 | D        | Noticed an orc high priest
  1979 | D        | Noticed a sun demon
  2015 | D        | Killed an orc high priest
  2021 | D        | Received a gift from Trog
  2027 | D        | Reached skill level 20 in Fighting
  2319 | D        | Found Non Ilosk's Distillery.
  2319 | D        | Noticed an ogre mage
  2319 | D        | Noticed a deep troll
  2319 | D        | Noticed an iron troll
  2324 | D        | Killed an ogre mage
  2324 | D        | Received a gift from Trog
  2326 | D        | Killed a deep troll
  2327 | D        | Found Ziez's Weapon Shoppe.
  2329 | D        | Killed an iron troll
  2329 | D        | Noticed a deep troll
  2334 | D        | Noticed an ogre mage
  2340 | D        | Killed a deep troll
  2341 | D        | Reached XP level 12. HP: 158/158 MP: 12/12
  2341 | D        | Found Irup's Antique Weapon Emporium.
  2343 | D        | Killed an ogre mage
  2344 | D        | Reached skill level 21 in Fighting
  2346 | D        | Found Lidir's General Store.
  2349 | D        | Noticed an ogre mage
  2353 | D        | Killed an ogre mage
  2353 | D        | Received a gift from Trog
  2356 | D        | Reached skill level 5 in Armour
  2401 | D        | Bought a potion of mutation for 80 gold pieces
  2401 | D        | Bought a potion of invisibility for 80 gold pieces
  2401 | D        | Bought a potion of mutation for 80 gold pieces
  2401 | D        | Bought a potion of invisibility for 80 gold pieces
  2401 | D        | Bought a potion of flight for 30 gold pieces
  2401 | D        | Bought a potion of haste for 100 gold pieces
  2401 | D        | Bought 2 potions of resistance for 200 gold pieces
  2444 | D        | Bought a phantom mirror for 400 gold pieces
  2539 | D        | Noticed Maurice
  2546 | D        | Noticed Gastronok
  2549 | D        | Killed Maurice
  2558 | D        | Killed Gastronok
  2690 | D        | Found the +6 arbalest "Damnation" {damnation}
  2735 | D        | Noticed a four-headed hydra
  2735 | D        | Noticed a centaur warrior
  2735 | D        | Noticed a centaur warrior
  2747 | D        | Received a gift from Trog
  2748 | D        | Reached skill level 22 in Fighting
  2749 | D        | Killed a nine-headed hydra
  2750 | D        | Noticed a frost giant
  2755 | D        | Noticed a deep troll shaman
  2759 | D        | Killed a centaur warrior
  2760 | D        | Noticed a rakshasa
  2764 | D        | Killed a frost giant
  2768 | D        | Killed a centaur warrior
  2774 | D        | Reached skill level 23 in Fighting
  2775 | D        | Killed a deep troll shaman
  2776 | D        | Reached skill level 10 in Evocations
  2776 | D        | Killed a rakshasa
  2777 | D        | Noticed a sphinx
  2778 | D        | Killed a sphinx
  2778 | D        | Received a gift from Trog
  2779 | D        | Reached XP level 13. HP: 65/178 MP: 13/13
  2787 | D        | Noticed a fire dragon
  2792 | D        | Killed a fire dragon
  3069 | D        | Noticed a fire giant
  3069 | D        | Noticed a frost giant
  3076 | D        | Killed a fire giant
  3077 | D        | Reached skill level 24 in Fighting
  3080 | D        | Killed a frost giant
  3144 | D        | Noticed Nessos
  3154 | D        | Killed Nessos
  3160 | D        | Noticed Kirke
  3174 | D        | Killed Kirke
  3174 | D        | Received a gift from Trog
  3454 | D        | Noticed a merfolk impaler
  3462 | D        | Reached skill level 25 in Fighting
  3466 | D        | Received a gift from Trog
  3471 | D        | Killed a merfolk impaler
  3662 | D        | Noticed an eleionoma
  3669 | D        | Killed an eleionoma
  3677 | D        | Received a gift from Trog
  3698 | D        | Received a gift from Trog
  3932 | D        | Killed a ghost moth
  3932 | D        | Identified the +11 battleaxe of Killer Bee's Peril {flame,
                  | rElec Str+3} (Trog gifted it to you in the Dungeon)
  3932 | D        | Received a gift from Trog
  4137 | D        | Noticed a nagaraja
  4137 | D        | Noticed a naga warrior
  4142 | D        | Reached XP level 14. HP: 193/193 MP: 14/14
  4148 | D        | Killed a nagaraja
  4149 | D        | Reached skill level 10 in Armour
  4156 | D        | Received a gift from Trog
  4157 | D        | Reached skill level 26 in Fighting
  4395 | D        | Noticed Nergalle
  4402 | D        | Killed Nergalle
  4503 | D        | Noticed a frost giant
  4503 | D        | Noticed a lich
  4505 | D        | Noticed a fire giant
  4509 | D        | Killed a frost giant
  4510 | D        | Reached skill level 1 in Throwing
  4513 | D        | Received a gift from Trog
  4520 | D        | Killed a lich
  4533 | D        | Killed a fire giant
  4547 | D        | Noticed a sphinx
  4550 | D        | Reached skill level 15 in Dodging
  4563 | D        | Killed a sphinx
  4577 | D        | Noticed a cyan very ugly thing
  4583 | D        | Killed a cyan very ugly thing
  4588 | D        | Noticed a lich
  4609 | D        | Killed a lich
  4609 | D        | Received a gift from Trog
  4610 | D        | Reached skill level 5 in Throwing
  5077 | D        | Noticed an entropy weaver
  5077 | D        | Noticed a vault warden
  5082 | D        | Noticed a vault warden
  5093 | D        | Killed an entropy weaver
  5099 | D        | Killed a vault warden
  5099 | D        | Received a gift from Trog
  5100 | D        | Reached skill level 27 in Fighting
  5108 | D        | Noticed a vault warden
  5111 | D        | HP: 6/198 [vault warden (20)]
  5111 | D        | HP: 1/198 [vault warden (5)]
  5112 | D        | Slain by a vault warden

Illustrated notes

Levels and vault maps discovered:
D:        linesprint [early_d, line_temple, items_1, d_10, items_2, lair_1,
          lair_end, items_3, orc_1, orc_end, items_4, d_15, swamp_1, shoals_1,
          snake_1, spider_1, d_20, vaults_1, items_5, swamp_end, shoals_end,
          snake_end, spider_end, vaults_end, d_27, items_6, zot_1, zot_end,
          crypt_end, forest_end, elf_end, slime_end, tomb_end, abyss_end,
          pan_hell_end]

Skill      XL: |  1  2  3  4  5  6  7  8  9 10 11 12 13 14 |
---------------+-------------------------------------------+-----
Dodging        | 3 4 5 6 7 9 11 12 14 15 | 15.5
Fighting       | 5 6 8 10 12 14 16 17 18 20 23 25 27 | 27.0
Axes           | 5 6 8 10 12 14 16 17 19 20 21 23 | 23.1
Evocations     | 1 4 6 8 10 12 13 | 13.3
Armour         | 4 7 9 11 | 11.4
Throwing       | 6 |  6.0

Action                   |  1- 3 |  4- 6 |  7- 9 | 10-12 | 13-15 || total
-------------------------+-------+-------+-------+-------+-------++-------
Melee: Hand axe          |    23 |     2 |       |       |       ||    25
       Broad axe         |       |     8 |    18 |       |       ||    26
       War axe           |       |       |    45 |    57 |       ||   102
       Battleaxe         |       |       |       |   111 |   158 ||   269
Invok: Berserk           |     1 |     1 |     1 |     5 |     6 ||    14
       Trog's Hand       |       |       |     1 |     1 |     1 ||     3
       Brothers in Arms  |       |       |       |     6 |     7 ||    13
 Abil: Evoke Blink       |       |       |       |     2 |       ||     2
Evoke: Wand              |       |       |       |     5 |     4 ||     9
       Phantom mirror    |       |       |       |       |     1 ||     1
  Use: Potion            |       |       |     2 |     4 |    10 ||    16
       Scroll            |       |       |     2 |     4 |     1 ||     7
 Stab: Invisible         |       |       |       |       |     1 ||     1
Armor: Animal skin       |     3 |       |       |       |       ||     3
       Acid dragon scale |       |       |    17 |    34 |    49 ||   100
Dodge: Dodged            |     6 |     5 |    42 |    92 |    77 ||   222

Table legend: (Time is in decaauts)
 A = Elapsed time spent in this place.
 B = Non-inter-level travel time spent in this place.
 C = Inter-level travel time spent in this place.
 D = Time resting spent in this place.
 E = Time spent auto-exploring this place.
 F = Levels seen in this place.
 G = Mean time per level.
                   A        B        C        D        E       F      G
               +--------+--------+--------+--------+--------+-----+--------+
         Total |   5132 |   5132 |      0 |   3380 |      0 |   1 | 5132.0 |
       Dungeon |   5132 |   5132 |      0 |   3380 |      0 |   1 | 5132.0 |
               +--------+--------+--------+--------+--------+-----+--------+

Top non-repeatable levels by time:
       D: 5132 daAuts
